 Dungeon Crawl Stone Soup version 0.31.0-11-ge490571c62 (webtiles) character file.

Game seed: 18439310311469698521

424 Marvel the Chopper (level 6, -8/56 HPs)
             Began as a Hill Orc Fighter on Feb 9, 2024.
             Mangled by Duvessa
             ... wielding a +0 short sword
              (11 damage)
             ... on level 4 of the Dungeon.
             The game lasted 00:05:00 (2900 turns).

Marvel the Chopper (Hill Orc Fighter)               Turns: 2900, Time: 00:05:00

Health: -8/56      AC: 12    Str: 20 (21) XL:     6   Next: 96%
Magic:  6/6        EV:  9    Int:  7 (8)  God:
Gold:   163        SH:  4    Dex:  8 (10) Spells: 5/5 levels left

rFire   . . .        a - +1 war axe
rCold   . . .        h - +0 buckler
rNeg    . . .        b - +0 scale mail
rPois   .            (no helmet)
rElec   .            n - +0 cloak
rCorr   .            (no gloves)
SInv    .            (no boots)
Will    .....        (no amulet) Stlth
                     w - +4 ring of protection
HPRegen 0.29/turn    (no ring)
MPRegen 0.10/turn

%: no passive effects
@: brilliant, attractive
A: no striking features
a: no special abilities


You were on level 4 of the Dungeon.
You visited 1 branch of the dungeon, and saw 4 of its levels.
You also visited: Sewer.

You collected 163 gold pieces.

Inventory:

Hand Weapons
 a - a +1 war axe (weapon)
Armour
 b - a +0 scale mail (worn)
 h - a +0 buckler (worn)
 n - a +0 cloak (worn)
Jewellery
 w - a +4 ring of protection (left hand)
Talismans
 c - a serpent talisman
Wands
 v - a wand of flame (1)
Scrolls
 i - a scroll of blinking {unknown}
 j - a scroll of identify
 k - 2 scrolls of fog {unknown}
 l - a scroll of teleportation {unknown}
 m - a scroll of amnesia {unknown}
Potions
 d - 2 potions of might
 g - a potion of brilliance
 q - a potion of ambrosia {unknown}
 r - 2 potions of magic
 s - a potion of haste {unknown}
 t - 2 potions of invisibility {unknown}
 u - a potion of berserk rage {unknown}


   Skills:
 + Level 5.1 Fighting
 + Level 7.2 Axes
 + Level 0.1 Throwing
 + Level 4.7 Armour
 - Level 3.6 Shields


You had 5 spell levels left.
You didn't know any spells.
Your spell library contained the following spells:

 Spells                   Type           Power      Damage    Failure   Level
 Apportation              Tloc           0%         N/A       83%         1
 Necrotise                Necr           0%         1d4       83%         1
 Sting                    Conj/Alch      0%         1d3       83%         1
 Summon Small Mammal      Summ           0%         N/A       83%         1
 Summon Ice Beast         Ice/Summ       0%         N/A       99%         3
 Summon Mana Viper        Hex/Summ       0%         N/A       100%        5
 Monstrous Menagerie      Summ           0%         N/A       100%        7


Dungeon Overview and Level Annotations

Branches:
Dungeon (4/15)              Sewer (visited)
 Temple: D:4-7

Altars:
Makhleb
Vehumet

Annotations:
D:4 Duvessa


Message History

You resist with some effort. Duvessa barely misses you.
As you read the scroll labelled POXAMI KAQIPT, it crumbles to dust.
It is a scroll of enchant weapon.
Your +0 war axe glows red for a moment.
You block Duvessa's attack.
The air fills with toxic fumes!
As you read the scroll labelled KOOKOXT VOECWU, it crumbles to dust.
It was a scroll of poison.
Duvessa hits you but does no damage. Dowan hits you with a +0 dagger.
You slash Dowan!
Dowan is severely wounded.
You hit Duvessa but do no damage. Dowan hits you with a +0 dagger.
Duvessa hits you with a +0 short sword.
You completely miss Dowan.
Dowan is severely wounded.
You slash Duvessa! Dowan hits you with a +0 dagger. Duvessa closely misses you.
You slash Dowan!
You kill Dowan!
Duvessa weeps, and shakes her weapon.
Duvessa goes berserk!
You barely miss Duvessa. You block Duvessa's attack.
Duvessa hits you with a +0 short sword.
You hit Duvessa.
Duvessa is moderately wounded.
Duvessa hits you with a +0 short sword! x2
* * * LOW HITPOINT WARNING * * *
It was a potion of brilliance.
You feel clever all of a sudden. Duvessa closely misses you.
Okay, then.
w - a +4 ring of protection (left hand) Duvessa hits you but does no damage.
It was a potion of degeneration.
There was something very wrong with that liquid.
You feel weakened.
You feel dopey.
You feel clumsy. Duvessa hits you with a +0 short sword.
* * * LOW HITPOINT WARNING * * *
Okay, then.
It was a potion of attraction.
You feel attractive to monsters. Duvessa hits you with a +0 short sword!
You die...

########## #........#
#........# #######........#
###########§§°§##○.......##
...○°§°§Se@)°§§§○§........>
...§○######§○°☼##°.......#.
... #○○§○#######..... .
#§§§§# #.###. #☼§○☼#
####..... ###### #.....##.
#.....##. #........
###...†..


You could see Duvessa (berserk) and a ball python.

Vanquished Creatures
  Pargi (Sewer)
  A brain worm (Sewer)
  Dowan (D:4)
  A crimson imp (D:3)
  Terence (D:3)
  7 adders
  2 dart slugs
  3 ribbon worms
  8 endoplasms
  5 giant cockroaches
  8 goblins
  12 hobgoblins
  3 jackals (D:2)
  2 quokkas
  12 ball pythons
  8 bats
  7 frilled lizards
  3 kobolds
  4 rats
89 creatures vanquished.

Notes
Turn   | Place    | Note
-------+----------+-------------------------------------------
     0 | D:1      | Marvel the Hill Orc Fighter began the quest for the Orb.
     0 | D:1      | Reached XP level 1. HP: 19/19 MP: 1/1
    70 | D:1      | Reached XP level 2. HP: 27/27 MP: 2/2
   189 | D:1      | You fall into a shaft and drop 1 floor!
   225 | D:2      | Reached skill level 3 in Axes
   230 | D:2      | Reached XP level 3. HP: 30/33 MP: 3/3
   580 | D:1      | Reached skill level 4 in Axes
  1001 | D:2      | Reached XP level 4. HP: 37/40 MP: 4/4
  1606 | D:3      | Reached skill level 5 in Axes
  1643 | D:3      | Reached XP level 5. HP: 47/47 MP: 5/5
  1845 | D:3      | Found a glowing drain.
  1850 | Sewer    | Entered a sewer
  1972 | Sewer    | Noticed Pargi
  1986 | Sewer    | Killed Pargi
  1987 | Sewer    | Reached skill level 6 in Axes
  1987 | Sewer    | Reached XP level 6. HP: 41/55 MP: 6/6
  2394 | D:3      | Noticed Terence
  2414 | D:3      | Killed Terence
  2595 | D:3      | Found a burning altar of Makhleb.
  2595 | D:3      | Found a radiant altar of Vehumet.
  2603 | D:3      | Reached skill level 7 in Axes
  2731 | D:3      | Reached skill level 5 in Fighting
  2880 | D:4      | Noticed Dowan
  2882 | D:4      | Noticed Duvessa
  2895 | D:4      | Killed Dowan
  2899 | D:4      | HP: 2/56 [Duvessa/+0 short sword (2)]
  2900 | D:4      | Mangled by Duvessa

Illustrated notes

Levels and vault maps discovered:
D:1:      ncdulo_lavacross, layout_basic
D:2:      layout_loops_ring
D:3:      layout_basic, grunt_temple_overflow_lords_of_destruction,
          portal_sewer_entry_e, uniq_terence
D:4:      layout_basic, kennysheep_orc_sif_temple, hex_intersection,
          uniq_duvessa

Skill      XL: |  1  2  3  4  5  6 |
---------------+-------------------+-----
Axes           | 3 4 5 6 7 |  7.2
Fighting       | 4 5 |  5.1
Armour         | 4 |  4.7
Throwing       | |  0.1
Shields        | |  3.6

Action                     |  1- 3 |  4- 6 || total
---------------------------+-------+-------++-------
  Melee: War axe           |    87 |   191 ||   278
  Throw: Dart              |       |     2 ||     2
    Use: Scroll            |       |     3 ||     3
         Potion            |       |     3 ||     3
 Armour: Scale mail        |    55 |   151 ||   206
  Dodge: Dodged            |    48 |    92 ||   140
  Block: Buckler           |    21 |    47 ||    68
